 Dungeon Crawl Stone Soup version 0.17.1-1-g73c8601 (webtiles) character file.

60 labyrinthlord the Firebug (level 4, -2/35 HPs)
             Began as a Hill Orc Fire Elementalist on Jan 9, 2016.
             Slain by a jackal (3 damage)
             ... on level 2 of the Dungeon.
             The game lasted 00:06:48 (1282 turns).

labyrinthlord the Firebug (HOFE)                    Turns: 1282, Time: 00:06:48

Health: -2/35      AC:  2    Str: 10    XL:     4   Next: 6%
Magic:  5/7        EV: 12    Int: 16    God:
Gold:   38         SH:  0    Dex: 11    Spells: 2 memorised, 4 levels left

rFire  . . .     SeeInvis .     f - +4 dagger
rCold  . . .     Clarity  .     a - +0 robe
rNeg   . . .     SustAt   .     (no shield)
rPois  .         Gourm    .     (no helmet)
rElec  .         Spirit   .     (no cloak)
rCorr  +         Warding  .     (no gloves)
rMut   .         Stasis   .     (no boots)
MR     .....                    l - amulet of resist corrosion
Stlth  ++........               (no ring)
                                (no ring)

@: not resistant to hostile enchantments, unstealthy
A: no striking features
a: no special abilities


You were on level 2 of the Dungeon.
You were not hungry.

You visited 1 branch of the dungeon, and saw 2 of its levels.

You collected 38 gold pieces.

Inventory:

Hand Weapons
 e - a +0 whip
 f - a +4 dagger (weapon)
Missiles
 m - 2 javelins (quivered)
Armour
 a - a +0 robe (worn)
Jewellery
 l - an amulet of resist corrosion (around neck)
Books
 b - a book of Flames

   Spells                             Type                      Level
   a - Flame Tongue                   Conjuration/Fire             1
   b - Throw Flame                    Conjuration/Fire             2
   c - Conjure Flame                  Conjuration/Fire             3
   d - Inner Flame                    Hexes/Fire                   3
   e - Sticky Flame                   Conjuration/Fire             4
   f - Fireball                       Conjuration/Fire             5
Comestibles
 c - a bread ration
 d - 7 chunks of flesh
 i - a meat ration
 o - a beef jerky


   Skills:
 + Level 1.3 Fighting
 - Level 0.7 Maces & Flails
 + Level 2.0 Dodging
 - Level 1.5 Stealth
 + Level 2.1 Spellcasting
 + Level 1.7 Conjurations
 + Level 3.6 Fire Magic


You had 4 spell levels left.
You knew the following spells:

 Your Spells              Type           Power        Failure   Level  Hunger
a - Flame Tongue          Conj/Fire      ##...        10%         1    #......
b - Throw Flame           Conj/Fire      ##....       12%         2    ###....


Dungeon Overview and Level Annotations

Branches:
Dungeon (2/15)

Altars:
Nemelex Xobeh
Trog


Message History

The jackal closely misses you.
You see here a quokka corpse.
A goblin comes into view. It is wielding a club.
You feel sick.
The goblin shouts!
The adder bites you but does no damage.
You feel sick. The adder bites you but does no damage.
The adder barely misses you.
Found a stone staircase leading up.
You feel sick.
You are no longer poisoned.
The adder barely misses you.
You aren't carrying any potions.
The jackal bites you.
* * * LOW HITPOINT WARNING * * *
The adder closely misses you.
Put on which piece of jewellery? (? for menu, Esc to quit)
l - an amulet of resist corrosion (around neck)
The jackal bites you.
You die...

,,,,,,,* *,,*******,** **,**
******** #..# **,***,*** #..#
**,*,**** #..# **,,,,,,
#########..# *******
#.รท........# *
#.########.######## *
######.########.S...>..########*
#...##.#.......@hS.h..g.......<,
#........####...#######.######**
#...###### #.#.# #.# * ##..#
#.#.# #h# * #..# #.#.# #S# *
#..# #.#.# #h# * #..## #<#.#
#.#######* ###...###### #.#.#
#g....g.., .........<.# *,#.#
#.#######*


You could see 2 adders, 2 jackals and a goblin.

Vanquished Creatures
  2 adders (D:2)
  A worm (D:2)
  2 giant geckos (D:1)
  A ball python (D:1)
  5 bats
  A giant cockroach (D:2)
  4 hobgoblins
  A jackal (D:2)
  7 goblins
  5 kobolds
  2 quokkas (D:2)
  4 rats
35 creatures vanquished.

Notes
Turn   | Place    | Note
--------------------------------------------------------------
     0 | D:1      | labyrinthlord the Hill Orc Fire Elementalist began the quest for the Orb.
     0 | D:1      | Reached XP level 1. HP: 14/14 MP: 3/3
   220 | D:1      | Reached XP level 2. HP: 12/20 MP: 1/4
   256 | D:1      | Learned a level 2 spell: Throw Flame
   741 | D:2      | Found a sparkling altar of Nemelex Xobeh.
   796 | D:2      | Reached XP level 3. HP: 20/27 MP: 5/5
   824 | D:2      | Found a bloodstained altar of Trog.
   835 | D:2      | Reached skill level 1 in Fighting
  1105 | D:2      | Reached XP level 4. HP: 23/35 MP: 3/7
  1280 | D:2      | HP: 1/35 [jackal (2)]
  1282 | D:2      | Slain by a jackal

Action                   |  1- 3 |  4- 6 || total
-------------------------+-------+-------++-------
Melee: Whip              |    14 |       ||    14
       Dagger            |    68 |    14 ||    82
 Cast: Flame Tongue      |    16 |     1 ||    17
       Throw Flame       |     8 |     2 ||    10
  Use: Scroll            |     3 |       ||     3
       Potion            |     2 |       ||     2
 Stab: Sleeping          |     1 |       ||     1
  Eat: Chunk             |     2 |       ||     2
